Match 31318155
Unlisted

Match 31318155
End
Construct Infanterie Kompanie
Selects Mechanized Battlegroup
MG 42 Machine Gun Team
Grenadier Squad
Grenadier Squad
Construct Panzergrenadier Kompanie
Panzergrenadier Squad
Pak 40 Anti-tank Gun Team
Construct Panzer Kompanie
Panzergrenadier Squad
Selects Raid Package
Selects Spotting Scopes
Panzer IV Medium Tank
Selects Wespe Self-propelled Artillery
Wespe Self-propelled Artillery
Selects Zeroing Artillery Barrage
Panzer IV Medium Tank
Zeroing Artillery Barrage
Pioneer Squad
Selects 8 Rad Armored Car
Wespe Self-propelled Artillery
Medical Station
Zeroing Artillery Barrage
Stoßtruppen Squad
Stoßtruppen Squad
Panzer IV Medium Tank
Zeroing Artillery Barrage
Mind
Regev
Cannabis'
7 DIVISAO PHANTOM
WR812
gUi
0
0

Comments sign in to comment!

No comments posted yet!